 Dungeon Crawl Stone Soup version 0.30.0-17-ge0270778cf (webtiles) character file.

Game seed: 1800711241180327374

162 croobank the Insei (level 5, -5/41 HPs)
             Began as a Gnoll Transmuter on May 22, 2023.
             Was an Initiate of Nemelex Xobeh.
             Killed by an exploding adder (35 damage)
             ... ignited by their inner flame
             ... on level 4 of the Dungeon.
             The game lasted 00:09:58 (2773 turns).

croobank the Insei (Gnoll Transmuter)               Turns: 2773, Time: 00:09:59

Health: -5/41      AC:  4    Str:  9    XL:     5   Next: 43%
Magic:  0/12       EV: 13    Int: 15    God:    Nemelex Xobeh [......]
Gold:   64         SH:  0    Dex: 12    Spells: 6/14 levels left

rFire   . . .        e - +0 rapier
rCold   + . .        (no shield)
rNeg    . . .        o - +2 robe {rC+}
rPois   .            (no helmet)
rElec   .            (no cloak)
rCorr   .            (no gloves)
SInv    .            (no boots)
Will    .....        k - amulet of guardian spirit
Stlth   ++           (no ring)
HPRegen 0.26/turn    (no ring)
MPRegen 0.13/turn

%: guardian spirit
@: no status effects
A: fangs 1, strong nose, distributed training
a: Renounce Religion, Draw Escape, Draw Destruction, Draw Summoning


You were on level 4 of the Dungeon.
You worshipped Nemelex Xobeh.
Nemelex Xobeh was noncommittal.
You visited 1 branch of the dungeon, and saw 4 of its levels.

You collected 145 gold pieces.
You spent 81 gold pieces at shops.

Inventory:

Hand Weapons
 e - a +0 rapier (weapon)
 f - a +0 short sword
 h - a +0 war axe
Missiles
 i - 2 boomerangs
Armour
 o - a +2 robe of cold resistance (worn)
Magical Staves
 l - a staff of poison
Jewellery
 k - an amulet of guardian spirit (around neck)
 s - a ring of see invisible
 u - a ring of resist corrosion
Wands
 x - a wand of paralysis (10)
Scrolls
 a - a scroll of poison
 m - a scroll of vulnerability {unknown}
 r - a scroll of enchant weapon {unknown}
 v - a scroll of fog {unknown}
 w - a scroll of fear {unknown}
 y - a scroll of teleportation {unknown}
Potions
 b - a potion of lignification
 n - 2 potions of heal wounds
 q - 2 potions of haste
 t - a potion of flight
 z - a potion of curing {unknown}


   Skills:
 + Level 3.0 Fighting
 + Level 1.5 Short Blades
 + Level 1.5 Long Blades
 + Level 1.5 Axes
 + Level 1.5 Maces & Flails
 + Level 1.5 Polearms
 + Level 1.5 Staves
 + Level 1.5 Ranged Weapons
 + Level 1.5 Throwing
 + Level 1.5 Armour
 + Level 4.8 Dodging
 + Level 1.5 Stealth
 + Level 1.5 Shields
 + Level 6.7 Unarmed Combat
 + Level 5.2 Spellcasting
 + Level 1.2 Conjurations
 + Level 1.2 Hexes
 + Level 1.2 Summonings
 + Level 1.2 Necromancy
 + Level 1.2 Translocations
 + Level 4.0 Transmutations
 + Level 1.2 Fire Magic
 + Level 1.2 Ice Magic
 + Level 1.2 Air Magic
 + Level 1.2 Earth Magic
 + Level 1.2 Poison Magic
 + Level 1.7 Invocations
 + Level 1.5 Evocations


You had 6 spell levels left.
You knew the following spells:

 Your Spells              Type           Power      Damage    Failure   Level
a - Beastly Appendage     Tmut           30%        N/A       3%          1
b - Wereblood             Tmut           15%        N/A       4%          2
c - Poisonous Vapours     Pois/Air       14%        N/A       14%         2
d - Dazzling Flash        Conj/Hex       14%        N/A       28%         3

Your spell library contained the following spells:

 Spells                   Type           Power      Damage    Failure   Level
 Sting                    Tmut/Pois      44%        1d5       5%          1
 Sublimation of Blood     Necr           7%         N/A       14%         2
 Spider Form              Tmut/Pois      11%        N/A       16%         3
 Volatile Blastmotes      Fire/Tloc      14%        2d11      28%         3
 Ice Form                 Ice/Tmut       11%        N/A       47%         4
 Iskenderun's Mystic Bla  Conj/Tloc      7%         2d4       67%         4
 Olgreb's Toxic Radiance  Pois           7%         N/A       67%         4
 Starburst                Conj/Fire      3%         6d3       100%        6
 Summon Hydra             Summ           3%         N/A       100%        7


Dungeon Overview and Level Annotations

Branches:
Dungeon (4/15)
 Temple: D:4-7

Altars:
Kikubaaqudgha
Nemelex Xobeh

Shops:
D:1 *

Annotations:
D:3 3 runed translucent doors, Sans23's ghost, amateur HuWn
D:4 Eustachio


Innate Abilities, Weirdness & Mutations

You have very sharp teeth.
Your uncanny sense of smell can sniff out nearby items.
Your experience applies equally to all skills.


Message History

You puncture the quokka!
You kill the quokka!
The quokka's corpse disappears in a puff of smoke!
You feel sick. The bat hits you but does no damage.
Aiming: Paralyse
Press: ? - help, Shift-Dir - straight line, f - Eustachio
Aim: Eustachio, wielding a +0 rapier and wearing a +0 leather armour of fire resistance (inner flame, blind, chance to affect: 52%)
Okay, then.
Unknown command.
You barely miss the bat. You punch the bat, but do no damage.
You feel sick. The bat barely misses you.
You closely miss the bat.
You feel sick. The bat barely misses you. x2
You hit the bat.
You kill the bat!
The bat's corpse disappears in a puff of smoke!
You feel sick.
You are no longer poisoned.
The bat hits you.
You closely miss the bat.
Eustachio is no longer blind.
The bat closely misses you. The bat hits you but does no damage.
You miss the bat. Your punch misses the bat. The bat closely misses you.
Eustachio gestures wildly while chanting.
The bat closely misses you.
You hit the bat but do no damage. The bat barely misses you. x2
You hit the bat.
You kill the bat!
The bat's corpse disappears in a puff of smoke!
The adder barely misses you.
You hit the adder.
Flame seeps out of the adder.
The adder is moderately wounded.
The adder is engulfed in blazing flames.
Flame seeps out of the adder.
The adder closely misses you.
You closely miss the adder. You bite the adder, but do no damage.
The adder is heavily wounded.
The adder is engulfed in blazing flames.
The adder explodes!
The fiery explosion engulfs you!!!
Ouch! That really hurt!
You die...
Your body disappears without a glow.

###########
#########r......$.#
.......@°gr...)....
....#####@........#
$ #.........#
#.........#
#.........#
#.........#
#.........#
###########


You could see Eustachio (inner flame), a river rat (summoned), a goblin (inner
flame) and a rat (summoned).

Vanquished Creatures
  2 vampire bats (D:3)
  3 adders
  4 worms
  2 dart slugs
  5 orcs (D:3)
  3 bat skeletons (D:3)
  2 bat zombies (D:3)
  2 endoplasms (D:1)
  A giant cockroach (D:3)
  2 goblins (D:3)
  6 hobgoblins
  2 quokkas
  3 ball pythons
  2 frilled lizards
  6 kobolds
  4 rats (D:2)
49 creatures vanquished.

Notes
Turn   | Place    | Note
-------+----------+-------------------------------------------
     0 | D:1      | croobank the Gnoll Transmuter began the quest for the Orb.
     0 | D:1      | Reached XP level 1. HP: 17/17 MP: 6/6
   513 | D:1      | Reached XP level 2. HP: 23/23 MP: 5/7
   516 | D:1      | Learned a level 2 spell: Wereblood
   610 | D:1      | Found Biofexteda's Assorted Antiques.
   619 | D:1      | Bought an embroidered robe for 81 gold pieces
  1105 | D:2      | Reached skill level 5 in Spellcasting
  1105 | D:2      | Reached XP level 3. HP: 25/28 MP: 4/9
  1357 | D:2      | Reached skill level 1 in Invocations
  1669 | D:3      | Found a runed translucent gate.
  1670 | D:3      | Found a runed translucent gate.
  1670 | D:3      | Noticed Sans23's ghost (amateur HuWn)
  1671 | D:3      | Found a runed translucent gate.
  1688 | D:3      | Learned a level 2 spell: Poisonous Vapours
  1711 | D:3      | Reached skill level 1 in Short Blades
  1711 | D:3      | Reached skill level 1 in Long Blades
  1711 | D:3      | Reached skill level 1 in Axes
  1711 | D:3      | Reached skill level 1 in Maces & Flails
  1711 | D:3      | Reached skill level 1 in Polearms
  1711 | D:3      | Reached skill level 1 in Staves
  1711 | D:3      | Reached skill level 1 in Ranged Weapons
  1711 | D:3      | Reached skill level 1 in Throwing
  1711 | D:3      | Reached skill level 1 in Armour
  1711 | D:3      | Reached skill level 1 in Stealth
  1711 | D:3      | Reached skill level 1 in Shields
  1711 | D:3      | Reached skill level 1 in Evocations
  1834 | D:3      | Reached XP level 4. HP: 34/34 MP: 7/11
  1939 | D:3      | Found an ancient bone altar of Kikubaaqudgha.
  1944 | D:3      | Reached skill level 1 in Conjurations
  1944 | D:3      | Reached skill level 1 in Hexes
  1944 | D:3      | Reached skill level 1 in Summonings
  1944 | D:3      | Reached skill level 1 in Necromancy
  1944 | D:3      | Reached skill level 1 in Translocations
  1944 | D:3      | Reached skill level 1 in Fire Magic
  1944 | D:3      | Reached skill level 1 in Ice Magic
  1944 | D:3      | Reached skill level 1 in Air Magic
  1944 | D:3      | Reached skill level 1 in Earth Magic
  1944 | D:3      | Reached skill level 1 in Poison Magic
  1946 | D:3      | Reached XP level 5. HP: 39/40 MP: 10/12
  2280 | D:3      | Found a sparkling altar of Nemelex Xobeh.
  2623 | D:3      | Became a worshipper of Nemelex Xobeh the Trickster
  2731 | D:3      | Identified a scroll of acquirement
  2731 | D:3      | Acquired a book of Spectacle
  2737 | D:3      | Learned a level 3 spell: Dazzling Flash
  2756 | D:4      | Noticed Eustachio
  2773 | D:4      | Killed by an exploding adder... ignited by their inner
                  | flame

Illustrated notes

Levels and vault maps discovered:
D:1:      dpeg_arrival_shelter, layout_basic, serial_shops, shop
D:2:      layout_basic, kennysheep_generic_room_6
D:3:      layout_basic, nemelex_xobeh_ov_fountains_minmay,
          kennysheep_vampire_church, ebering_ghost_rock_garden
D:4:      layout_basic, nicolae_uskayaw_suspiria, hangedman_decor_lopped,
          uniq_duvessa, uniq_robin, uniq_eustachio

Skill      XL: |  1  2  3  4  5 |
---------------+----------------+-----
Spellcasting   | 5 |  5.2
Invocations    | 1 |  1.7
Short Blades   | 1 |  1.5
Long Blades    | 1 |  1.5
Axes           | 1 |  1.5
Maces & Flails | 1 |  1.5
Polearms       | 1 |  1.5
Staves         | 1 |  1.5
Ranged Weapons | 1 |  1.5
Throwing       | 1 |  1.5
Armour         | 1 |  1.5
Stealth        | 1 |  1.5
Shields        | 1 |  1.5
Evocations     | 1 |  1.5
Conjurations   | 1 |  1.2
Hexes          | 1 |  1.2
Summonings     | 1 |  1.2
Necromancy     | 1 |  1.2
Translocations | 1 |  1.2
Fire Magic     | 1 |  1.2
Ice Magic      | 1 |  1.2
Air Magic      | 1 |  1.2
Earth Magic    | 1 |  1.2
Poison Magic   | 1 |  1.2
Fighting       | 3 |  3.0
Transmutations | 4 |  4.0
Dodging        | |  4.8
Unarmed Combat | |  6.7

Action                     |  1- 3 |  4- 6 || total
---------------------------+-------+-------++-------
  Melee: Rapier            |    85 |    50 ||   135
         Headbutt          |    12 |     5 ||    17
         Unarmed           |     4 |       ||     4
         Kick              |    12 |     7 ||    19
         Bite              |    10 |     2 ||    12
         Punch             |     4 |     1 ||     5
   Cast: Beastly Appendage |    19 |     8 ||    27
         Wereblood         |    16 |     7 ||    23
         Dazzling Flash    |       |     1 ||     1
    Use: Scroll            |       |     8 ||     8
   Stab: Sleeping          |       |     1 ||     1
 Armour: Robe              |    19 |    22 ||    41
  Dodge: Dodged            |    57 |    69 ||   126
